 Dungeon Crawl Stone Soup version 0.27.1-1-g398f81649c (webtiles) character file.

Game seed: 4035231053952481073

1816 Descartes the Tainter (level 8, -7/41 HPs)
             Began as a Deep Elf Venom Mage on Sept 20, 2021.
             Killed from afar by a steam dragon (19 damage)
             ... with a ball of steam
             ... on level 7 of the Dungeon.
             The game lasted 00:20:52 (7920 turns).

Descartes the Tainter (Deep Elf Venom Mage)         Turns: 7920, Time: 00:20:52

Health: -7/41      AC:  3    Str:  5    XL:     8   Next: 85%
Magic:  5/23       EV: 12    Int: 31    God:
Gold:   430        SH:  0    Dex: 13    Spells: 2/13 levels left

rFire    . . .     SeeInvis .   i - +1 dagger (drain)
rCold    . . .     Faith    .   (no shield)
rNeg     . . .     Spirit   .   D - +0 robe of Gestures {*Corrode MP+9 Int+8 Dex-2}
rPois    .         Reflect  .   (no helmet)
rElec    .         Harm     .   (no cloak)
rCorr    .         Rampage  .   p - +0 pair of gloves
Will     .....                  (no boots)
Stlth    ++........             (no amulet)
HPRegen  0.13/turn              (no ring)
MPRegen  0.18/turn              (no ring)

@: no status effects
A: no striking features
a: no special abilities


You were on level 7 of the Dungeon.
You visited 1 branch of the dungeon, and saw 7 of its levels.

You collected 430 gold pieces.

Inventory:

Hand Weapons
 i - a +1 dagger of draining (weapon)
 B - the +4 quarterstaff of Ythrogoo {vorpal, +Rage rC- Stlth+}
   (You found it on level 5 of the Dungeon)

   It inflicts extra damage upon your enemies.
   rC:        It makes you vulnerable to cold.
   +Rage:     It lets you go berserk.
   Stlth:     It makes you more stealthy.
Missiles
 b - 45 arrows
 f - 281 stones
 g - 30 sling bullets
 s - 39 bolts
 t - 25 poisoned darts
Armour
 p - a +0 pair of gloves (worn)
 x - a +0 kite shield
 D - the +0 robe of Gestures (worn) {*Corrode MP+9 Int+8 Dex-2}
   (You found it on level 6 of the Dungeon)

   Int:       It affects your intelligence (+8).
   Dex:       It affects your dexterity (-2).
   MP:        It affects your magic capacity (+9).
   *Corrode:  It may corrode you when you take damage.
Magical Staves
 A - a staff of conjuration
Wands
 e - a wand of polymorph (5)
 C - a wand of digging (5)
Scrolls
 c - a scroll of blinking {unknown}
 d - 7 scrolls of identify {unknown}
 j - a scroll of fog {unknown}
 l - 3 scrolls of enchant armour {unknown}
 n - 2 scrolls of teleportation {unknown}
 q - 3 scrolls of brand weapon {unknown}
 w - 2 scrolls of enchant weapon {unknown}
 y - a scroll of magic mapping {unknown}
Potions
 a - a potion of attraction {unknown}
 h - a potion of ambrosia {unknown}
 k - a potion of magic {unknown}
 m - a potion of brilliance {unknown}
 o - a potion of might {unknown}
 r - 2 potions of degeneration {unknown}
 u - 3 potions of curing {unknown}
 v - 3 potions of mutation {unknown}
 z - a potion of resistance {unknown}


   Skills:
 - Level 2.4 Dodging
 - Level 2.4 Stealth
 - Level 3.0 Spellcasting
 + Level 3.0 Conjurations
 + Level 3.0 Translocations
 - Level 2.0 Transmutations
 + Level 7.9 Fire Magic
 + Level 8.9 Poison Magic


You had 2 spell levels left.
You knew the following spells:

 Your Spells              Type           Power      Damage    Failure   Level
a - Poisonous Vapours     Pois/Air       64%        N/A       1%          2
b - Foxfire               Conj/Fire      100%       2x1d9     1%          1
c - Olgreb's Toxic Radia  Pois           56%        N/A       1%          4
d - Sting                 Tmut/Pois      100%       1d8       1%          1
e - Magic Dart            Conj           92%        1d7       1%          1
f - Blink                 Tloc           N/A        N/A       2%          2

Your spell library contained the following spells:

 Spells                   Type           Power      Damage    Failure   Level
 Beastly Appendage        Tmut           34%        N/A       3%          1
 Wereblood                Tmut           17%        N/A       4%          2
 Call Imp                 Summ           4%         N/A       10%         2
 Conjure Flame            Conj/Fire      38%        6-21      1%          3
 Spider Form              Tmut/Pois      19%        N/A       2%          3
 Mephitic Cloud           Conj/Pois/Air  29%        N/A       3%          3
 Inner Flame              Hex/Fire       29%        N/A       4%          3
 Lesser Beckoning         Tloc           11%        N/A       5%          3
 Manifold Assault         Tloc           23%        N/A       45%         5
 Storm Form               Tmut/Air       5%         N/A       100%        7


Dungeon Overview and Level Annotations

Branches:
Dungeon (7/15)
 Temple: D:4-7

Altars:
Dithmenos
Hepliaklqana
Nemelex Xobeh
Okawaru
Sif Muna


Message History

A steam dragon is nearby!
Casting: Olgreb's Toxic Radiance (dangerous; 1% risk of failure)
Confirm with . or Enter, or press ? or * to list all spells.
Aiming: Poisonous Vapours (safe; 1% risk of failure)
Press: ? - help, Dir - move target, f - steam dragon
Aim: a steam dragon (heavily wounded, poisoned) Poisonous vapours surround the steam dragon!
The steam dragon looks even sicker.
Casting: Poisonous Vapours (safe; 1% risk of failure)
Confirm with . or Enter, or press ? or * to list all spells.
You conjure some foxfire!
The foxfire hits the steam dragon.
The steam dragon is heavily wounded.
The foxfire hits the steam dragon.
The steam dragon is severely wounded.
Casting: Foxfire (safe; 1% risk of failure)
Confirm with . or Enter, or press ? or * to list all spells.
You conjure some foxfire!
The steam dragon completely misses you. The steam dragon closely misses you.
Found a hazy altar of Hepliaklqana.
The foxfire hits the steam dragon.
The steam dragon is severely wounded.
The foxfire hits the steam dragon but does no damage.
The steam dragon is severely wounded.
Casting: Foxfire (safe; 1% risk of failure)
Confirm with . or Enter, or press ? or * to list all spells.
You conjure some foxfire!
The steam dragon breathes steam at you. The ball of steam hits you!!
Ouch! That really hurt!
* * * LOW HITPOINT WARNING * * *
The foxfire hits the steam dragon.
The steam dragon is severely wounded.
The foxfire hits the steam dragon.
The steam dragon is almost dead.
The steam dragon breathes steam at you. The ball of steam misses you.
Found a glowing glass wand.
The steam dragon breathes steam at you. The ball of steam hits you!!
You die...

##.....###.#.............
...........#.............
..........##.............
..........###......#####
..........##.............
..........##.§§D........#
..........##.§§§...).....
..........##§.§.§......§.
..........##§§§.@......§.
............#.#......#+#.
...._.......#
.....#.#.#....#
.......#.#....#
.......#.###### /... ...
#.. ..


You could see a steam dragon (very poisoned, catching breath).

Vanquished Creatures
  Grinder (D:2)
  Sigmund (D:2)
  An orc warrior (D:6)
  2 ogres
  A necrophage (D:6)
  2 phantoms (D:5)
  Blork the orc (D:6)
  2 bullfrogs (D:7)
  3 scorpions
  3 howler monkeys (D:7)
  A bullfrog zombie (D:6)
  A jelly (D:5)
  4 hounds
  An iguana (D:6)
  A howler monkey skeleton (D:4)
  10 river rats (D:4)
  7 adders
  A shadow imp (D:6)
  An ufetubus (D:5)
  2 adder skeletons (D:4)
  A worm (D:4)
  2 dart slugs (D:3)
  8 orcs
  3 bats
  8 endoplasms
  A giant cockroach (D:2)
  7 goblins
  5 hobgoblins
  14 jackals
  3 quokkas
  A ball python (D:2)
  2 frilled lizards (D:3)
  7 kobolds
  15 rats
123 creatures vanquished.

Vanquished Creatures (others)
  370 foxfires
370 creatures vanquished.

Grand Total: 493 creatures vanquished

Notes
Turn   | Place    | Note
-------+----------+-------------------------------------------
     0 | D:1      | Descartes the Deep Elf Venom Mage began the quest for the
                  | Orb.
     0 | D:1      | Reached XP level 1. HP: 10/10 MP: 6/6
   162 | D:1      | Reached XP level 2. HP: 14/15 MP: 1/8
   383 | D:1      | Learned a level 1 spell: Foxfire
   517 | D:1      | Found a faded altar of an unknown god.
  1184 | D:2      | Reached skill level 1 in Fire Magic
  1184 | D:2      | Reached skill level 4 in Poison Magic
  1184 | D:2      | Reached XP level 3. HP: 8/19 MP: 1/9
  1620 | D:2      | Noticed Sigmund
  1988 | D:2      | Killed Sigmund
  1989 | D:2      | Reached skill level 5 in Poison Magic
  1989 | D:2      | Reached XP level 4. HP: 24/24 MP: 4/10
  1989 | D:2      | Reached XP level 5. HP: 28/28 MP: 4/11
  2849 | D:3      | Noticed Grinder
  2915 | D:2      | Killed Grinder
  2916 | D:2      | Reached skill level 6 in Poison Magic
  2916 | D:2      | Reached XP level 6. HP: 18/32 MP: 0/12
  3055 | D:2      | Learned a level 4 spell: Olgreb's Toxic Radiance
  3238 | D:3      | Reached skill level 5 in Fire Magic
  3785 | D:3      | Learned a level 2 spell: Poisonous Vapours
  3813 | D:4      | Reached XP level 7. HP: 36/36 MP: 5/13
  3887 | D:4      | Found a sparkling altar of Nemelex Xobeh.
  4238 | D:4      | Reached skill level 7 in Poison Magic
  5169 | D:4      | Found a shimmering blue altar of Sif Muna.
  5322 | D:4      | Found an iron altar of Okawaru.
  5329 | D:4      | Found a shadowy altar of Dithmenos.
  5368 | D:5      | Entered Level 5 of the Dungeon
  5604 | D:5      | Learned a level 1 spell: Magic Dart
  5696 | D:5      | Identified the +4 quarterstaff of Ythrogoo {vorpal, +Rage
                  | rC- Stlth+}
  5811 | D:5      | Reached XP level 8. HP: 36/41 MP: 6/14
  5956 | D:5      | Reached skill level 8 in Poison Magic
  6389 | D:6      | Identified the +0 robe of Gestures {*Corrode MP+9 Int+8
                  | Dex-2}
  6527 | D:6      | Learned a level 2 spell: Blink
  7174 | D:6      | Reached skill level 1 in Conjurations
  7174 | D:6      | Reached skill level 1 in Translocations
  7216 | D:6      | Noticed Blork the orc
  7224 | D:6      | Killed Blork the orc
  7914 | D:7      | Found a hazy altar of Hepliaklqana.
  7920 | D:7      | Killed from afar by a steam dragon

Illustrated notes

Levels and vault maps discovered:
D:1:      nicolae_arrival_washed_ashore, layout_loops_ring,
          dilly_ecumenical_altar_fadedgnrine
D:2:      minmay_general_purpose_star, layout_basic, serial_bayou_lagoon_b,
          uniq_sigmund
D:3:      layout_rooms, uniq_grinder
D:4:      layout_rooms, mainiacjoe_overflow_tiny_flanked,
          amethyst_overflow_temple_binary, mainiacjoe_overflow_paths,
          dk_rats_in_the_wall
D:5:      layout_basic
D:6:      layout_loops_corners, uniq_blork_the_orc
D:7:      layout_basic, lemuel_crystal_altar, nicolae_uskayaw_en_pointe,
          minmay_temple_entry_junction_2, serial_shops, shop,
          kennysheep_generic_room_6

Skill      XL: |  1  2  3  4  5  6  7  8 |
---------------+-------------------------+-----
Transmutations | 2 |  2.0
Fire Magic     | 1 3 4 5 6 7 |  7.9
Poison Magic   | 4 5 6 7 8 |  8.9
Conjurations   | 3 |  3.0
Translocations | 3 |  3.0
Dodging        | |  2.4
Stealth        | |  2.4
Spellcasting   | |  3.0

Action                   |  1- 3 |  4- 6 |  7- 9 || total
-------------------------+-------+-------+-------++-------
Melee: Dagger            |    11 |     1 |       ||    12
 Cast: Sting             |    45 |    13 |     4 ||    62
       Foxfire           |    19 |    89 |   114 ||   222
       Poisonous Vapours |       |       |    56 ||    56
       Olgreb's Toxic Ra |       |       |     4 ||     4
Armor: Leather armour    |    11 |     3 |     7 ||    21
       Robe              |     1 |       |     1 ||     2
Dodge: Dodged            |    25 |    18 |    25 ||    68
